 Dungeon Crawl Stone Soup version 0.17-a0-1719-g1afd5a1 (webtiles) character file.

931 Promi the Cudgeler (level 8, -22/48 HPs)
             Began as a Tengu Warper on Aug 27, 2015.
             Was a Follower of Ashenzari.
             Annihilated by an ogre
             ... wielding a +0 giant club
              (23 damage)
             ... on level 9 of the Dungeon.
             The game lasted 00:31:07 (4254 turns).

Promi the Cudgeler (Tengu Warper)                   Turns: 4254, Time: 00:31:07

Health: -22/48     AC:  6    Str: 13    XL:     8   Next: 11%
Magic:  8/14       EV: 12    Int: 14    God:    Ashenzari [*.....]
Gold:   229        SH:  5    Dex: 20    Spells: 4 memorised, 5 levels left

rFire  . . .     SeeInvis .     g - +1 mace (drain)
rCold  . . .     Clarity  .     J - +0 ring mail (curse)
rNeg   . . .     SustAt   .     r - +0 buckler {reflect} (curse)
rPois  .         Gourm    .     (helmet restricted)
rElec  .         Spirit   .     (no cloak)
rCorr  .         Warding  .     q - +0 pair of gloves {Dex+3} (curse)
rMut   .         Stasis   .     (boots unavailable)
MR     .....                    (no amulet)
Stlth  ++........               N - ring of stealth
                                o - +3 ring of dexterity

@: about to teleport, very slightly contaminated, not resistant to hostile
enchantments, unstealthy
A: beak, talons 3, able to fly 1
a: Fly, Scrying, Renounce Religion


You were on level 9 of the Dungeon.
You worshipped Ashenzari.
Ashenzari was aware of your devotion.
You were not hungry.

You visited 2 branches of the dungeon, and saw 10 of its levels.

You collected 229 gold pieces.

Inventory:

Hand weapons
 a - a +0 mace
 g - a +1 mace of draining (weapon)
 B - the +6 hand axe of an ice cave {chop, MR+ MP+9 Int+3}
   (You found it on level 4 of the Dungeon)

   It inflicts extra damage upon your enemies.
   It affects your intelligence (+3).
   It affects your resistance to hostile enchantments.
   It affects your magic capacity (+9).
Armour
 b - a +0 leather armour
 q - a cursed +0 pair of gloves of dexterity (worn)
 r - a cursed +0 buckler of reflection (worn)
 E - a +0 scale mail
 J - a cursed +0 ring mail (worn)
 L - a +0 ring mail
Jewellery
 o - a +3 ring of dexterity (left hand)
 N - a ring of stealth (right hand)
 P - a +2 ring of strength
Magical devices
 e - a wand of heal wounds (5)
 F - a wand of teleportation (0)
 G - a wand of confusion (19)
Scrolls
 d - a scroll of blinking
 h - 2 scrolls of enchant armour {unknown}
 l - 5 scrolls of identify {unknown}
 p - a scroll of enchant weapon {unknown}
 s - 3 scrolls of remove curse
 t - a scroll of teleportation {unknown}
 y - a scroll of immolation {unknown}
 z - a scroll of fear {unknown}
 C - a scroll of summoning {unknown}
 M - a scroll of curse armour
 O - a scroll of recharging {unknown}
Potions
 j - a potion of berserk rage {unknown}
 k - 3 potions of curing {unknown}
 m - a potion of mutation {unknown}
 n - a potion of heal wounds {unknown}
 u - a potion of haste {unknown}
 w - 2 potions of flight {unknown}
 x - 4 potions of brilliance {unknown}
 A - a potion of invisibility {unknown}
 D - 2 potions of magic {unknown}
 I - 2 potions of agility {unknown}
Books
 c - a book of Spatial Translocations

   Spells                             Type                      Level
   a - Apportation                    Translocation                1
   b - Blink                          Translocation                2
   c - Shroud of Golubria             Charms/Translocation         2
   d - Portal Projectile              Translocation                3
   e - Teleport Other                 Translocation                3
   f - Passage of Golubria            Translocation                4
 K - a Fen Folio

   Spells                             Type                      Level
   a - Corpse Rot                     Necromancy                   2
   b - Stone Arrow                    Conjuration/Earth            3
   c - Leda's Liquefaction            Hexes/Earth                  4
   d - Summon Forest                  Summoning/Translocation      5
   e - Hydra Form                     Transmutation                6
   f - Summon Hydra                   Summoning                    7
Comestibles
 f - 4 bread rations
 i - 5 fruits
 v - a beef jerky
 H - a meat ration
 Q - 5 chunks of flesh


   Skills:
 + Level 3.9 Fighting
 + Level 4.4 Maces & Flails
 + Level 3.5 Throwing
 + Level 2.5 Armour
 + Level 3.3 Dodging
 - Level 3.1 Shields
 + Level 3.4 Spellcasting
 + Level 3.8 Translocations


You had 5 spell levels left.
You knew the following spells:

 Your Spells              Type           Power        Failure   Level  Hunger
a - Apportation           Tloc           ##........   12%         1    #......
b - Blink                 Tloc           N/A          17%         2    ##.....
c - Shroud of Golubria    Chrm/Tloc      #.........   38%         2    ##.....
d - Portal Projectile     Tloc           ##....       34%         3    ###....


Dungeon Overview and Level Annotations

Branches:
Dungeon (9/15)             Temple (1/1) D:4
   Lair: D:8-11         Orc: D:9-12

Altars:
Ashenzari
Cheibriados
Dithmenos
Fedhas
Gozag
Kikubaaqudgha
Makhleb
Nemelex Xobeh
Okawaru
Qazlal
Ru
Sif Muna
Trog
Vehumet
Xom
Yredelemnul
Zin
The Shining One

Annotations:
D:4 Promi's ghost, average TeWr


Innate Abilities, Weirdness & Mutations

You have a beak for a mouth.
You have claws for feet.
You can fly.


Message History

Zapping:
F - a wand of teleportation (will waste charges)
Press: ? - help, Shift-Dir - straight line, f - you You feel strangely unstable.
Evoking this partially-identified wand wasted a few charges.
You block the ogre's attack.
Casting: Shroud of Golubria
Confirm with . or Enter, or press ? or * to list all spells.
You miscast Shroud of Golubria.
You are very lightly contaminated with residual magic.
You feel a strange surge of energy!
Casting: Shroud of Golubria
Confirm with . or Enter, or press ? or * to list all spells.
You miscast Shroud of Golubria.
You feel a strange surge of energy! The ogre hits you with a giant club!
* * * LOW HITPOINT WARNING * * *
Casting: Shroud of Golubria
Confirm with . or Enter, or press ? or * to list all spells.
Space distorts slightly along a thin shroud covering your body.
The ogre hits you with a giant club!!
You die...

...S.........# #.
##.##..#..########.
# ......###.#
#.....
#.####...#..#
#.####
##.......#.#.# #.#
....Y........# #.#
#.####.###### #.# .
###o# ####.#...
#@OY# ##).).....
##### ##().####.#
#(###.# . #)# #O#
#.###.# ##...##
##.## #.. #.# ..
#.# ..


You could see an ice beast, an ogre and an orc wizard.

Vanquished Creatures
  A phantom (D:6)
  An ogre (D:5)
  A big kobold (D:9)
  2 giant frogs
  2 scorpions
  2 hounds
  An orc wizard (D:3)
  A quasit (D:6)
  3 worker ants
  A killer bee zombie (D:7)
  A hound skeleton (D:4)
  A worker ant zombie (D:7)
  4 adders
  A shadow imp (D:5)
  2 oozes (D:1)
  An adder skeleton (D:4)
  2 worms
  6 orcs
  9 hobgoblins
  18 kobolds
  2 quokkas
  2 ball pythons
  10 bats
  5 giant cockroaches
  A giant gecko (D:2)
  4 giant newts
  7 goblins
  A quokka skeleton (D:4)
  12 rats
104 creatures vanquished.

Vanquished Creatures (others)
  A centaur (D:9)
1 creature vanquished.

Grand Total: 105 creatures vanquished

Notes
Turn   | Place    | Note
--------------------------------------------------------------
     0 | D:1      | Promi the Tengu Warper began the quest for the Orb.
     0 | D:1      | Reached XP level 1. HP: 12/12 MP: 4/4
   189 | D:1      | Reached XP level 2. HP: 15/17 MP: 6/6
   614 | D:1      | Reached XP level 3. HP: 19/21 MP: 7/7
   842 | D:1      | Learned a level 2 spell: Blink
   845 | D:1      | Learned a level 2 spell: Shroud of Golubria
  1162 | D:2      | Reached XP level 4. HP: 27/27 MP: 5/8
  1642 | D:3      | Reached skill level 1 in Shields
  1980 | D:3      | Reached skill level 3 in Maces & Flails
  1980 | D:3      | Gained mutation: You can fly. [Tengu growth]
  1980 | D:3      | Reached XP level 5. HP: 29/31 MP: 9/9
  2001 | D:3      | Learned a level 3 spell: Portal Projectile
  2370 | D:4      | Found a staircase to the Ecumenical Temple.
  2383 | Temple   | Entered the Ecumenical Temple
  2514 | Temple   | Became a worshipper of Ashenzari the Shackled
  2682 | D:4      | Got the hand axe of an ice cave {chop, MR+ MP+9 Int+3}
  2716 | D:4      | Reached XP level 6. HP: 36/36 MP: 7/10
  2765 | D:4      | Noticed Promi's ghost (average TeWr)
  2793 | D:5      | Entered Level 5 of the Dungeon
  3403 | D:6      | Reached XP level 7. HP: 24/41 MP: 12/12
  3566 | D:6      | Noticed a six-headed hydra
  3669 | D:6      | Reached skill level 4 in Maces & Flails
  4110 | D:8      | Acquired Ashenzari's first power
  4113 | D:8      | Noticed a hungry ghost
  4165 | D:9      | Reached XP level 8. HP: 42/48 MP: 4/14
  4200 | D:9      | Noticed a two-headed ogre
  4253 | D:9      | HP: 1/48 [ogre/giant club (10)]
  4254 | D:9      | Annihilated by an ogre

Vault maps used:
D:1:      shiori_arrival_maze, serial_curves, eino_curves_01, eino_curves_04,
          minivault_4, minmay_ruptured
D:3:      first_bread, minmay_misc_feat_doors, uniq_crazy_yiuf_cottage,
          uniq_grinder
D:4:      kennysheep_six_static_rooms, minmay_temple_entry_glassed_door
D:7:      grunt_ministairs_12
D:8:      kennysheep_mini_moat
D:9:      cheibrodos_stairvault_heist, erik_lair_orcish_takeover
Temple:   kilobyte_greek_temple_18

Action                   |  1- 3 |  4- 6 |  7- 9 || total
-------------------------+-------+-------+-------++-------
Melee: Mace              |    93 |   124 |    63 ||   280
Throw: Tomahawk          |       |    12 |       ||    12
 Cast: Shroud of Golubri |     2 |     8 |     8 ||    18
       Portal Projectile |       |     1 |       ||     1
 Abil: Fly               |       |     1 |       ||     1
Evoke: Wand              |       |       |     1 ||     1
  Use: Scroll            |       |     1 |     2 ||     3
 Stab: Sleeping          |       |     1 |       ||     1
  Eat: Chunk             |       |     9 |     2 ||    11
       Fruit             |       |       |     2 ||     2
